 Dungeon Crawl Stone Soup version 0.23-a0-391-g8c51ad5 (webtiles) character file.

392 lemonriz the Chopper (level 6, -3/56 HPs)
             Began as a Hill Orc Fighter on Oct 30, 2018.
             Slain by Menkaure (9 damage)
             ... on level 4 of the Dungeon.
             The game lasted 00:03:59 (2611 turns).

lemonriz the Chopper (Hill Orc Fighter)             Turns: 2611, Time: 00:03:59

Health: -3/56      AC:  9    Str: 20    XL:     6   Next: 80%
Magic:  6/6        EV:  7    Int:  8    God:
Gold:   109        SH:  9    Dex: 11    Spells: 5/5 levels left

rFire    . . .     SeeInvis .   b - +0 broad axe
rCold    . . .     Gourm    .   c - +0 shield
rNeg     . . .     Faith    .   g - +0 scale mail
rPois    .         Spirit   .   i - +0 helmet
rElec    .         Reflect  .   n - +0 cloak
rCorr    .         Harm     .   (no gloves)
MR       .....                  (no boots)
Stlth    ..........             (no amulet)
HPRegen  0.18/turn              (no ring)
MPRegen  0.10/turn              (no ring)

@: no status effects
A: no striking features
a: no special abilities


You were on level 4 of the Dungeon.
You were not hungry.

You visited 1 branch of the dungeon, and saw 4 of its levels.

You collected 109 gold pieces.

Inventory:

Hand Weapons
 a - a +0 war axe
 b - a +0 broad axe (weapon)
Armour
 c - a +0 shield (worn)
 g - a +0 scale mail (worn)
 i - a +0 helmet (worn)
 n - a +0 cloak (worn)
Scrolls
 h - 3 scrolls of blinking {unknown}
 j - a scroll of immolation {unknown}
 k - 3 scrolls of remove curse {unknown}
 l - a scroll of magic mapping {unknown}
 q - a scroll of noise {unknown}
 r - 3 scrolls of teleportation
 s - 2 scrolls of enchant armour {unknown}
 u - 2 scrolls of amnesia {unknown}
Potions
 d - 3 potions of might
 e - 4 potions of curing
 m - a potion of haste {unknown}
 o - 3 potions of flight
 p - a potion of invisibility {unknown}
 t - a potion of berserk rage {unknown}
 v - a potion of mutation {unknown}
 x - a potion of agility
Comestibles
 f - 6 rations
 w - 4 chunks of flesh


   Skills:
 + Level 5.1 Fighting
 * Level 6.1 Axes
 + Level 4.7 Armour
 + Level 4.6 Shields


You had 5 spell levels left.
You didn't know any spells.
Your spell library contained the following spells:

 Spells                   Type           Power        Failure   Level  Hunger
 Corona                   Hex            #......      99%         1    ##.....
 Ensorcelled Hibernation  Hex/Ice        #.....       100%        2    ###....
 Confuse                  Hex            #.......     100%        3    ####...
 Dazzling Spray           Conj/Hex       #.....       100%        3    ####...
 Tukima's Dance           Hex            #.......     100%        3    ####...


Dungeon Overview and Level Annotations

Branches:
Dungeon (4/15)
 Temple: D:4-7

Altars:
Dithmenos

Annotations:
D:4 Menkaure


Message History

Menkaure shouts!
Found 7 gold pieces.
Menkaure is nearby!
Menkaure gestures wildly while chanting.
Menkaure seems to speed up.
You barely miss Menkaure.
Menkaure calls on the powers of darkness!
Your body is wracked with pain!
You hit Menkaure.
Menkaure is moderately damaged.
Menkaure calls on the powers of darkness!
Your body is wracked with pain!
* * * LOW HITPOINT WARNING * * *
Menkaure hits you!
* * * LOW HITPOINT WARNING * * *
You slash Menkaure!
Menkaure is almost destroyed.
Menkaure whispers, "Let me perform the rites..."
Menkaure hits you!
You die...

###..# ###....####
##.##....#.#
#..........###
#............#
##....##.....##
.#.###.##....### ###
.......##.##...##..###
.......#........@M...#
....#.......#......###
...##..............#
...................#
#....................
....##................
..................#....
.......##...........##$
...........#..


You could see Menkaure.

Vanquished Creatures
  Sigmund (D:3)
  A bullfrog zombie (D:2)
  Crazy Yiuf (D:3)
  Natasha (thrice) (D:3)
  Robin (D:3)
  An adder (D:3)
  An ooze (D:3)
  An adder skeleton (D:3)
  2 worms
  3 leopard geckos
  2 orcs
  4 giant cockroaches
  16 goblins
  4 hobgoblins
  4 jackals (D:2)
  6 kobolds
  A quokka (D:2)
  A ball python (D:1)
  5 bats
  A frilled lizard (D:1)
  7 rats
66 creatures vanquished.

Notes
Turn   | Place    | Note
-------+----------+-------------------------------------------
     0 | D:1      | lemonriz the Hill Orc Fighter began the quest for the Orb.
     0 | D:1      | Reached XP level 1. HP: 19/19 MP: 1/1
   115 | D:1      | Reached XP level 2. HP: 21/27 MP: 2/2
   164 | D:1      | Reached skill level 3 in Axes
  1099 | D:2      | Reached XP level 3. HP: 33/33 MP: 3/3
  1190 | D:2      | Reached skill level 4 in Axes
  1190 | D:2      | Reached XP level 4. HP: 24/40 MP: 4/4
  1450 | D:3      | Noticed Natasha
  1458 | D:3      | Killed Natasha
  1481 | D:3      | Noticed Natasha
  1485 | D:3      | Killed Natasha
  1485 | D:3      | Reached XP level 5. HP: 41/47 MP: 5/5
  1578 | D:3      | Noticed Sigmund
  1593 | D:3      | Killed Sigmund
  1593 | D:3      | Reached skill level 5 in Axes
  1593 | D:3      | Reached XP level 6. HP: 41/55 MP: 6/6
  1618 | D:3      | Noticed Natasha
  1624 | D:3      | Killed Natasha
  1640 | D:3      | Noticed Robin
  1654 | D:3      | Reached skill level 5 in Fighting
  1671 | D:3      | Killed Robin
  2006 | D:3      | Found a runed door.
  2010 | D:3      | Noticed Crazy Yiuf
  2013 | D:3      | Paralysed by Crazy Yiuf for 3 turns
  2019 | D:3      | Killed Crazy Yiuf
  2019 | D:3      | Reached skill level 6 in Axes
  2307 | D:3      | Found a shadowy altar of Dithmenos.
  2607 | D:4      | Noticed Menkaure
  2611 | D:4      | Slain by Menkaure

Vault maps used:
D:1:      lightli_arrival_farm
D:2:      lightli_corner_chamber
D:3:      lemuel_doored_altar, bh_walls_and_bars, uniq_robin,
          uniq_crazy_yiuf_cottage, uniq_sigmund, uniq_natasha
D:4:      uniq_ijyb, uniq_menkaure

Skill      XL: |  1  2  3  4  5  6 |
---------------+-------------------+-----
Axes           | 3 4 5 6 |  6.1
Fighting       | 4 5 |  5.1
Armour         | 4 |  4.7
Shields        | 4 |  4.6

Action                   |  1- 3 |  4- 6 || total
-------------------------+-------+-------++-------
Melee: War axe           |    49 |       ||    49
       Broad axe         |    27 |   120 ||   147
  Use: Potion            |       |     1 ||     1
       Scroll            |       |     4 ||     4
  Eat: Chunk             |     1 |     5 ||     6
Armor: Scale mail        |    33 |    54 ||    87
Dodge: Dodged            |    22 |    35 ||    57
Block: Shield            |    50 |    85 ||   135

Table legend:
 A = Non-vault XP
 B = Vault XP
 C = Vault XP percentage of total XP
 D = Non-vault monster count
 E = Vault monster count
 F = Vault count percentage of total count
                 A         B        C        D         E       F
            +---------+---------+-------+---------+---------+-------
      Total |     226 |     334 |  59.6 |      50 |      16 |  24.2
            +---------+---------+-------+---------+---------+-------
        D:1 |      20 |       0 |   0.0 |      12 |       0 |   0.0
        D:2 |      72 |       0 |   0.0 |      13 |       0 |   0.0
        D:3 |     134 |     334 |  71.4 |      25 |      16 |  39.0
            +---------+---------+-------+---------+---------+-------
